 Dungeon Crawl Stone Soup version 0.32-a0-868-g153ae1a8d6 (webtiles) character file.

Game seed: 9825224936400078983

400 Biggs the Slasher (level 6, -4/44 HPs)
             Began as a Coglin Gladiator on Mar 29, 2024.
             Slain by a black bear (5 damage)
             ... on level 4 of the Dungeon.
             The game lasted 00:03:23 (2597 turns).

Biggs the Slasher (Coglin Gladiator)                Turns: 2597, Time: 00:03:23

Health: -4/44      AC:  5    Str: 15    XL:     6   Next: 84%
Magic:  6/6        EV: 11    Int:  7    God:
Gold:   153        SH:  0    Dex: 17    Spells: 5/5 levels left

rFire   . . .        a - +0 long sword {Ashmeen}
rCold   . . .        f - +0 dagger {Zimri-Dagan}
rNeg    . . .        b - +0 leather armour
rPois   .            c - +0 helmet
rElec   .            h - +0 cloak
rCorr   .            (no gloves)
SInv    .            (no boots)
Will    .....        (amulet unavailable)
Stlth   +            (ring unavailable)
HPRegen 0.27/turn    (ring unavailable)
MPRegen 0.10/turn    (no gizmo)

%: no passive effects
@: revved
A: off-hand wielding, slow wielding, warmup strikes, no jewellery
a: Invent Gizmo


You were on level 4 of the Dungeon.
You visited 1 branch of the dungeon, and saw 4 of its levels.

You collected 153 gold pieces.

Inventory:

Hand Weapons
 a - a +0 long sword (weapon) {Ashmeen}
 f - a +0 dagger (offhand) {Zimri-Dagan}
Missiles
 d - 3 throwing nets (quivered)
 e - a javelin
Armour
 b - a +0 leather armour (worn)
 c - a +0 helmet (worn)
 h - a +0 cloak (worn)
Wands
 z - a wand of charming (9)
Scrolls
 i - a scroll of summoning {unknown}
 k - 2 scrolls of teleportation {unknown}
 l - 2 scrolls of enchant armour {unknown}
 m - a scroll of noise {unknown}
 n - a scroll of fog {unknown}
 q - a scroll of silence {unknown}
 s - a scroll of identify {unknown}
 t - 2 scrolls of fear {unknown}
 v - 2 scrolls of enchant weapon {unknown}
 w - 2 scrolls of poison {unknown}
 x - a scroll of immolation {unknown}
 y - a scroll of amnesia {unknown}
Potions
 g - a potion of magic {unknown}
 j - a potion of berserk rage {unknown}
 o - 2 potions of brilliance {unknown}
 p - 2 potions of curing {unknown}
 r - a potion of lignification {unknown}
 u - 2 potions of cancellation {unknown}


   Skills:
 - Level 2.0 Fighting
 + Level 7.5 Long Blades
 - Level 1.7 Throwing
 - Level 2.6 Dodging


You had 5 spell levels left.
You didn't know any spells.
Your spell library contained the following spells:

 Spells                   Type           Power      Damage    Failure   Level
 Sandblast                Erth           0%         2d4       50%         1
 Summon Small Mammal      Summ           0%         N/A       50%         1
 Call Imp                 Summ           0%         N/A       65%         2
 Sublimation of Blood     Necr           0%         N/A       65%         2
 Call Canine Familiar     Summ           0%         N/A       86%         3
 Stone Arrow              Conj/Erth      0%         3d7       86%         3
 Brom's Barrelling Bould  Conj/Erth      0%         2d3       99%         4
 Summon Blazeheart Golem  Fire/Summ      0%         N/A       99%         4
 Summon Hydra             Summ           0%         N/A       100%        7


Dungeon Overview and Level Annotations

Branches:
Dungeon (4/15)
 Temple: D:4-7

Altars:
Kikubaaqudgha


Innate Abilities, Weirdness & Mutations

You can wield a second weapon in your off-hand.
It takes a long time for you to wield or remove held weapons.
Your first few attacks do less damage.
You cannot equip rings or amulets.


Message History

You hit the phantom but do no damage.
The phantom hits you but does no damage.
You barely miss the phantom with your +0 dagger.
The phantom is severely damaged.
You slash the phantom with your +0 long sword!
The phantom hits you but does no damage.
You closely miss the phantom with your +0 long sword.
The phantom is almost destroyed.
You hit the phantom with your +0 dagger.
You destroy the phantom!
Your Long Blades skill increases to level 7!
You hit the scorpion with your +0 long sword.
The scorpion is moderately wounded.
You closely miss the scorpion with your +0 dagger.
The scorpion stings you.
The black bear goes berserk!
You slash the scorpion with your +0 long sword!
The scorpion is severely wounded.
You hit the scorpion but do no damage. The scorpion closely misses you.
The scorpion stings you.
* * * LOW HITPOINT WARNING * * *
You closely miss the scorpion with your +0 dagger.
The scorpion is severely wounded.
You slash the scorpion with your +0 long sword!
You kill the scorpion!
You slash the black bear with your +0 long sword!
The black bear is almost dead.
You hit the black bear but do no damage.
The black bear misses you. The black bear closely misses you.
The black bear claws you.
* * * LOW HITPOINT WARNING * * *
The black bear completely misses you. The black bear barely misses you.
The black bear claws you.
* * * LOW HITPOINT WARNING * * *
You closely miss the black bear with your +0 long sword.
The black bear is almost dead.
You hit the black bear but do no damage.
The black bear barely misses you. The black bear claws you.
* * * LOW HITPOINT WARNING * * *
The black bear claws you.
You die...

#......#..# #.# #
#.#....#...# #.####
##............ #..##..#..
#.............#
###.......#
w#............##
........####
.............## ...##....#
.............# .# #..#.#
.............#
###..####..##..
...##.........##@.....#..#
##.
....#.....###...h..##...#
##..## r#......###
#....!.# #..... .....h###
#.......# ...[.. ......#
##....##..# ####.. .####.#
####.##..# ##.. ##.
.####h###§...###.. #.. #.
#.....s§§####.###.# ## ##
########## ### #.


You could see a black bear (berserk).

Vanquished Creatures
  A phantom (D:4)
  2 scorpions
  Terence (D:2)
  2 orc wizards
  6 adders
  3 dart slugs
  A ribbon worm (D:3)
  4 orcs
  7 endoplasms
  A giant cockroach (D:1)
  5 goblins
  5 hobgoblins
  6 jackals
  2 quokkas
  10 ball pythons
  5 bats
  A frilled lizard (D:1)
  5 kobolds
  3 rats
70 creatures vanquished.

Notes
Turn   | Place    | Note
-------+----------+-------------------------------------------
     0 | D:1      | Biggs the Coglin Gladiator began the quest for the Orb.
     0 | D:1      | Reached XP level 1. HP: 16/16 MP: 1/1
   121 | D:1      | Reached XP level 2. HP: 22/22 MP: 2/2
   320 | D:1      | You fall into a shaft and drop 1 floor!
   417 | D:1      | Reached skill level 4 in Long Blades
   680 | D:2      | Reached XP level 3. HP: 27/27 MP: 3/3
   820 | D:2      | Noticed Terence
   826 | D:2      | Killed Terence
   827 | D:2      | Reached skill level 5 in Long Blades
   827 | D:2      | Reached XP level 4. HP: 31/33 MP: 4/4
  1176 | D:3      | Noticed a scorpion
  1180 | D:3      | Killed a scorpion
  1181 | D:3      | Reached XP level 5. HP: 36/38 MP: 5/5
  1385 | D:3      | Reached skill level 6 in Long Blades
  1993 | D:4      | Found an ancient bone altar of Kikubaaqudgha.
  2111 | D:4      | Reached XP level 6. HP: 39/44 MP: 6/6
  2563 | D:4      | Noticed a black bear
  2591 | D:4      | Reached skill level 7 in Long Blades
  2597 | D:4      | HP: 1/44 [black bear (3)]
  2597 | D:4      | Slain by a black bear

Illustrated notes

Levels and vault maps discovered:
D:1:      dpeg_arrival_renting, layout_rooms
D:2:      layout_rooms, minmay_pentomino_x2, uniq_terence
D:3:      layout_rooms, chequers_serial_rivers_small_3
D:4:      minmay_chambers_of_fours, layout_layer_cave,
          mainiacjoe_overflow_24_doors, minmay_temple_entry_statues,
          minmay_manual_monolith

Skill      XL: |  1  2  3  4  5  6 |
---------------+-------------------+-----
Long Blades    | 4 5 6 7 |  7.5
Fighting       | |  2.0
Throwing       | |  1.7
Dodging        | |  2.6

Action                     |  1- 3 |  4- 6 || total
---------------------------+-------+-------++-------
  Melee: Long sword        |    56 |   126 ||   182
         Dagger            |    51 |   109 ||   160
   Stab: Distracted        |       |     1 ||     1
         Sleeping          |       |     1 ||     1
 Armour: Leather armour    |    32 |   103 ||   135
  Dodge: Dodged            |    46 |    76 ||   122

Table legend: (Time is in decaauts)
 A = Elapsed time spent in this place.
 B = Non-inter-level travel time spent in this place.
 C = Inter-level travel time spent in this place.
 D = Time resting spent in this place.
 E = Time spent auto-exploring this place.
 F = Levels seen in this place.
 G = Mean time per level.
                   A        B        C        D        E       F      G
               +--------+--------+--------+--------+--------+-----+--------+
         Total |   2598 |   2548 |     50 |    163 |   1930 |   4 |  649.5 |
       Dungeon |   2598 |   2548 |     50 |    163 |   1930 |   4 |  649.5 |
               +--------+--------+--------+--------+--------+-----+--------+

Top non-repeatable levels by time:
     D:4: 800 daAuts
     D:3: 673 daAuts
     D:1: 614 daAuts
     D:2: 510 daAuts
